 Dungeon Crawl Stone Soup version 0.29-a0-284-gf9362112df (webtiles) character file.

Game seed: 8800380476804335903

3045 zazu2006 the Prestidigitator (level 9, 0/66 HPs)
             Began as a Gnoll Wanderer on Mar 30, 2022.
             Was an Initiate of Vehumet.
             Slain by a killer bee (5 damage)
             ... on level 7 of the Dungeon.
             The game lasted 00:15:04 (6967 turns).

zazu2006 the Prestidigitator (Gnoll Wanderer)       Turns: 6967, Time: 00:15:05

Health: 0/66       AC: 11    Str: 15    XL:     9   Next: 87%
Magic:  21/21      EV: 13    Int: 21    God:    Vehumet [......]
Gold:   384        SH:  0    Dex:  9    Spells: 21/25 levels left

rFire   . . .      SeeInvis .   t - +9 hand axe of the Lost Olives {freeze, rElec Will+}
rCold   . . .      Faith    .   (no shield)
rNeg    . . .      Spirit   .   G - +0 steam dragon scales
rPois   +          Reflect  .   y - +2 hat
rElec   +          Harm     .   (no cloak)
rCorr   .          Rampage  .   B - +0 pair of gloves
Will    +....                   h - +0 pair of boots
Stlth   ++........              r - amulet of regeneration
HPRegen 1.01/turn               k - +6 ring of intelligence {m}
MPRegen 0.17/turn               D - ring of poison resistance

@: no status effects
A: fangs 1, strong nose, distributed training
a: Renounce Religion


You were on level 7 of the Dungeon.
You worshipped Vehumet.
Vehumet was noncommittal.
You visited 2 branches of the dungeon, and saw 9 of its levels.
You also visited: Sewer.

You collected 442 gold pieces.
You spent 58 gold pieces at shops.

Inventory:

Hand Weapons
 l - a +0 spear
 n - a +0 dagger
 t - the +9 hand axe of the Lost Olives (weapon) {freeze, rElec Will+}
   (You found it on level 3 of the Dungeon)

   It freezes those it strikes, dealing additional cold damage.
   It can also slow down cold-blooded creatures.
   rElec:     It insulates you from electricity.
   Will:      It increases your willpower.
Missiles
 f - 153 stones
 o - 11 poisoned darts
 u - 4 throwing nets
Armour
 h - a +0 pair of boots (worn)
 y - a +2 hat (worn)
 z - a +1 leather armour of fire resistance
 A - a +0 kite shield of positive energy
 B - a +0 pair of gloves (worn)
 G - +0 steam dragon scales (worn)
Jewellery
 k - a +6 ring of intelligence (left hand) {m}
 r - an amulet of regeneration (around neck)
 D - a ring of poison resistance (right hand)
 L - an amulet of magic regeneration
 M - a ring of resist corrosion
Wands
 d - a wand of iceblast (4) (quivered)
 i - a wand of polymorph (6)
 E - a wand of flame (18)
Scrolls
 a - 2 scrolls of enchant armour
 b - a scroll of silence {unknown}
 c - 2 scrolls of fear
 e - 2 scrolls of teleportation
 g - a scroll of holy word {unknown}
 j - 2 scrolls of vulnerability
 m - 2 scrolls of blinking {unknown}
 s - a scroll of enchant weapon
 w - a scroll of amnesia
 x - a scroll of immolation
 J - a scroll of fog {unknown}
 N - a scroll of identify
Potions
 p - a potion of degeneration
 q - a potion of brilliance
 v - 2 potions of might
 C - a potion of cancellation
 F - 2 potions of flight
 H - a potion of haste
 I - a potion of magic
 K - a potion of mutation {unknown}


   Skills:
 + Level 4.6 Fighting
 + Level 4.6 Short Blades
 + Level 4.6 Long Blades
 + Level 4.6 Axes
 + Level 4.6 Maces & Flails
 + Level 4.6 Polearms
 + Level 4.6 Staves
 + Level 4.6 Slings
 + Level 4.6 Bows
 + Level 4.6 Crossbows
 + Level 4.6 Throwing
 + Level 6.6 Armour
 + Level 5.4 Dodging
 + Level 4.6 Stealth
 + Level 4.6 Shields
 + Level 4.6 Unarmed Combat
 + Level 8.6 Spellcasting
 + Level 3.8 Conjurations
 + Level 3.8 Hexes
 + Level 3.8 Summonings
 + Level 3.8 Necromancy
 + Level 3.8 Translocations
 + Level 3.8 Transmutations
 + Level 3.8 Fire Magic
 + Level 3.8 Ice Magic
 + Level 3.8 Air Magic
 + Level 3.8 Earth Magic
 + Level 3.8 Poison Magic
 + Level 5.1 Invocations
 + Level 9.8 Evocations


You had 21 spell levels left.
You knew the following spells:

 Your Spells              Type           Power      Damage    Failure   Level
a - Sandblast             Erth           50%        2d12      1%          1
b - Stone Arrow           Conj/Erth      50%        3d10      4%          3

Your spell library contained the following spells:

 Spells                   Type           Power      Damage    Failure   Level
 Apportation              Tloc           50%        N/A       1%          1
 Foxfire                  Conj/Fire      100%       2x1d9     1%          1
 Corpse Rot               Necr/Air       50%        N/A       2%          2
 Sublimation of Blood     Necr           25%        N/A       2%          2
 Call Canine Familiar     Summ           25%        N/A       4%          3
 Conjure Flame            Conj/Fire      25%        6-21      4%          3
 Frozen Ramparts          Ice            50%        1d7       4%          3
 Inner Flame              Hex/Fire       25%        N/A       4%          3
 Portal Projectile        Hex/Tloc       50%        N/A       4%          3
 Flame Wave               Conj/Fire      25%        2d7       16%         4
 Ice Form                 Ice/Tmut       25%        N/A       16%         4
 Leda's Liquefaction      Hex/Erth       12%        N/A       16%         4
 Petrify                  Tmut/Erth      25%        N/A       16%         4
 Summon Ice Beast         Ice/Summ       25%        N/A       16%         4
 Alistair's Intoxication  Tmut/Pois      16%        N/A       38%         5
 Irradiate                Conj/Tmut      12%        3d18      38%         5
 Lehudib's Crystal Spear  Conj/Erth      12%        10d4      100%        8


Dungeon Overview and Level Annotations

Branches:
Dungeon (8/15)             Temple (1/1) D:7           Sewer (visited)
   Lair: D:8-11

Altars:
Ashenzari
Cheibriados
Dithmenos
Elyvilon
Fedhas
Gozag
Hepliaklqana
Kikubaaqudgha
Nemelex Xobeh
Okawaru
Qazlal
Ru
Trog
Uskayaw
Vehumet
Wu Jian
Xom
Yredelemnul
Zin

Shops:
D:3 ?(!


Innate Abilities, Weirdness & Mutations

You have very sharp teeth.
Your uncanny sense of smell can sniff out nearby items.
Your experience applies equally to all skills.


Message History

You climb upwards.
You feel sick.
There is a stone staircase leading down here.
Unknown command.
You slash the killer bee! You freeze the killer bee.
You kill the killer bee!
Vehumet accepts your kill.
You closely miss the killer bee.
You feel sick.
The killer bee stings you but does no damage.
The killer bee closely misses you. The killer bee stings you.
You slash the killer bee! You freeze the killer bee.
Your bite misses the killer bee.
The killer bee is severely wounded.
You barely miss the killer bee.
You feel sick. The killer bee stings you!
* * * LOW HITPOINT WARNING * * *
The killer bee stings you but does no damage.
The killer bee closely misses you.
The killer bee stings you but does no damage.
Unknown command.
You miss the killer bee.
The killer bee is severely wounded.
You hit the killer bee. You freeze the killer bee.
You feel sick. The killer bee barely misses you.
The killer bee stings you but does no damage.
The killer bee misses you. The killer bee barely misses you.
You closely miss the killer bee.
The killer bee is severely wounded.
You hit the killer bee. You freeze the killer bee.
You kill the killer bee!
Vehumet accepts your kill.
You feel sick.
You are no longer poisoned.
The killer bee closely misses you. The killer bee stings you!
* * * LOW HITPOINT WARNING * * *
You hit the killer bee. You freeze the killer bee.
You kill the killer bee!
Vehumet accepts your kill. The killer bee stings you.
* * * LOW HITPOINT WARNING * * *
The killer bee stings you.
You die...

#......# #....# #.......#
### #<####.#
#...#####.############ ..#
#.#####.##........# #......#
###
#.......#.#####.#.###.#####.
# ########.## #.#...........
# #.#### #.#####.#####. #
#....# #.#####.#####. #
####y# #.......[.)[.[ # #@#
######.#.####♣ # #†#
#.###.##♣≈ # #.# #..#.##♣P≈
# #.# #.#.##♣≈≈P # #.#
#.###♣≈≈≈≈ # #.# #.##♣≈≈≈P≈
# #.#######...♣≈≈P≈≈ #
#......####...≈≈≈≈ #
######.# #.......


You could see a killer bee.

Vanquished Creatures
  Maggie (D:7)
  A water moccasin (D:5)
  A black bear (D:6)
  An ice beast (D:6)
  An orc warrior (D:7)
  5 sky beasts
  A centaur (D:7)
  3 ogres
  A kobold brigand (Sewer)
  A bullfrog (D:7)
  2 scorpions (D:5)
  3 killer bees (D:7)
  6 electric eels (D:7)
  5 hounds
  3 jellies
  An orc priest (D:7)
  2 gnoll shamans
  5 iguanas
  Ijyb (D:5)
  5 orc wizards
  18 adders
  14 gnolls
  A river rat (Sewer)
  3 white imps
  3 worms (D:2)
  4 dart slugs
  12 orcs
  5 ball pythons
  8 endoplasms
  9 giant cockroaches
  7 goblins
  2 hobgoblins
  4 jackals (D:3)
  4 quokkas
  6 bats
  8 kobolds
  10 rats
167 creatures vanquished.

Vanquished Creatures (others)
  2 plants (D:7)
2 creatures vanquished.

Grand Total: 169 creatures vanquished

Notes
Turn   | Place    | Note
-------+----------+-------------------------------------------
     0 | D:1      | zazu2006 the Gnoll Wanderer began the quest for the Orb.
     0 | D:1      | zazu2006 set off with the following items: a +0 club, a +0
                  | ring mail, a scroll of fear, a wand of iceblast (4); and
                  | the following spells available to memorise: Corpse Rot,
                  | Sublimation of Blood
     0 | D:1      | Reached XP level 1. HP: 13/13 MP: 8/8
   405 | D:1      | Reached XP level 2. HP: 19/19 MP: 10/10
   693 | D:1      | Got Wosogeshra's Reference Book on Dusty Confrontation
   707 | D:1      | Learned a level 1 spell: Sandblast
  1382 | D:2      | Reached XP level 3. HP: 25/25 MP: 7/11
  1663 | D:2      | Reached skill level 1 in Invocations
  1837 | D:2      | Reached skill level 1 in Fighting
  1837 | D:2      | Reached skill level 1 in Short Blades
  1837 | D:2      | Reached skill level 1 in Long Blades
  1837 | D:2      | Reached skill level 1 in Axes
  1837 | D:2      | Reached skill level 1 in Maces & Flails
  1837 | D:2      | Reached skill level 1 in Polearms
  1837 | D:2      | Reached skill level 1 in Staves
  1837 | D:2      | Reached skill level 1 in Slings
  1837 | D:2      | Reached skill level 1 in Bows
  1837 | D:2      | Reached skill level 1 in Crossbows
  1837 | D:2      | Reached skill level 1 in Throwing
  1837 | D:2      | Reached skill level 1 in Stealth
  1837 | D:2      | Reached skill level 1 in Shields
  1837 | D:2      | Reached skill level 1 in Unarmed Combat
  1841 | D:2      | Learned a level 3 spell: Stone Arrow
  1971 | D:2      | Reached XP level 4. HP: 32/32 MP: 8/13
  2288 | D:2      | Found a faded altar of an unknown god.
  2411 | D:3      | Reached skill level 1 in Conjurations
  2411 | D:3      | Reached skill level 1 in Hexes
  2411 | D:3      | Reached skill level 1 in Summonings
  2411 | D:3      | Reached skill level 1 in Necromancy
  2411 | D:3      | Reached skill level 1 in Translocations
  2411 | D:3      | Reached skill level 1 in Transmutations
  2411 | D:3      | Reached skill level 1 in Fire Magic
  2411 | D:3      | Reached skill level 1 in Ice Magic
  2411 | D:3      | Reached skill level 1 in Air Magic
  2411 | D:3      | Reached skill level 1 in Earth Magic
  2411 | D:3      | Reached skill level 1 in Poison Magic
  2417 | D:3      | Reached XP level 5. HP: 27/37 MP: 2/14
  2432 | D:3      | Identified the +9 hand axe of the Lost Olives {freeze,
                  | rElec Will+}
  2589 | D:3      | Found Bampeth's Distillery.
  2594 | D:3      | Found Yvvy Xeq's Antique Weapon Shoppe.
  2599 | D:3      | Bought a potion of curing for 30 gold pieces
  2716 | D:3      | Reached XP level 6. HP: 44/44 MP: 16/16
  3129 | D:3      | Found Xufuck's Magic Scroll Shoppe.
  3143 | D:3      | Bought a scroll of identify for 28 gold pieces
  3359 | D:4      | Reached skill level 5 in Armour
  3683 | D:4      | Reached XP level 7. HP: 50/50 MP: 18/18
  4431 | D:5      | Entered Level 5 of the Dungeon
  4537 | D:5      | Reached skill level 9 in Evocations
  4644 | D:5      | Reached XP level 8. HP: 56/57 MP: 19/19
  4900 | D:5      | Noticed Ijyb
  4913 | D:5      | Killed Ijyb
  4938 | D:5      | Identified the +1 robe "Qeekub" {rF+ Int+4}
  5071 | D:6      | Identified the +3 leather armour "Fakloxud" {rElec}
  5075 | D:6      | Found a glowing drain.
  5118 | Sewer    | Entered a sewer
  5660 | D:6      | Reached XP level 9. HP: 65/65 MP: 21/21
  6090 | D:7      | Found an opulent altar of Gozag.
  6130 | D:7      | Reached skill level 5 in Dodging
  6243 | D:7      | Noticed Maggie
  6258 | D:7      | Killed Maggie
  6300 | D:7      | Found a staircase to the Ecumenical Temple.
  6310 | Temple   | Entered the Ecumenical Temple
  6460 | Temple   | Became a worshipper of Vehumet
  6535 | D:7      | Reached skill level 5 in Invocations
  6954 | D:8      | Found the +8 trident of the Octopus King {venom, rElec
                  | rPois}
  6967 | D:7      | Slain by a killer bee

Illustrated notes

Levels and vault maps discovered:
D:1:      wander_arrival_desolate, layout_basic, minmay_heptomino_h4
D:2:      layout_basic, hellmonk_ecumenical_altar_prayer_group
D:3:      layout_loops_cross, serial_shops, shop, shop, nicolae_shop_waterfront,
          minmay_starry_boxes
D:4:      layout_layer_cave, saegor_snake_ambush
D:5:      layout_loops_ring, uniq_ijyb
D:6:      cheibrodos_quashed, layout_loops_ring, gup_sewer_entry_glass
D:7:      layout_loops_ring, grunt_gozag_statues,
          minmay_temple_entry_butterflies, serial_bayou_lagoon_b, uniq_maggie
D:8:      layout_basic, lair_entry_dummy
Temple:   mainiacjoe_temple_hex_bubbles

Skill      XL: |  1  2  3  4  5  6  7  8  9 |
---------------+----------------------------+-----
Invocations    | 1 2 3 4 5 |  5.1
Fighting       | 1 2 3 4 |  4.6
Short Blades   | 1 2 3 4 |  4.6
Long Blades    | 1 2 3 4 |  4.6
Axes           | 1 2 3 4 |  4.6
Maces & Flails | 1 2 3 4 |  4.6
Polearms       | 1 2 3 4 |  4.6
Staves         | 1 2 3 4 |  4.6
Slings         | 1 2 3 4 |  4.6
Bows           | 1 2 3 4 |  4.6
Crossbows      | 1 2 3 4 |  4.6
Throwing       | 1 2 3 4 |  4.6
Stealth        | 1 2 3 4 |  4.6
Shields        | 1 2 3 4 |  4.6
Unarmed Combat | 1 2 3 4 |  4.6
Conjurations   | 1 2 3 |  3.8
Hexes          | 1 2 3 |  3.8
Summonings     | 1 2 3 |  3.8
Necromancy     | 1 2 3 |  3.8
Translocations | 1 2 3 |  3.8
Transmutations | 1 2 3 |  3.8
Fire Magic     | 1 2 3 |  3.8
Ice Magic      | 1 2 3 |  3.8
Air Magic      | 1 2 3 |  3.8
Earth Magic    | 1 2 3 |  3.8
Poison Magic   | 1 2 3 |  3.8
Dodging        | 3 4 5 |  5.4
Armour         | 5 6 |  6.6
Evocations     | 9 |  9.8
Spellcasting   | 8 |  8.6

Action                   |  1- 3 |  4- 6 |  7- 9 || total
-------------------------+-------+-------+-------++-------
Melee: Club              |    59 |       |       ||    59
       Bite              |     9 |     4 |    12 ||    25
       Dagger            |    52 |    23 |       ||    75
       Punch             |     1 |     1 |     3 ||     5
       Hand axe          |       |    81 |   262 ||   343
 Cast: Sandblast         |    28 |    28 |       ||    56
  Use: Scroll            |       |       |     9 ||     9
       Potion            |       |       |    14 ||    14
 Stab: Sleeping          |       |     2 |     3 ||     5
Armor: Ring mail         |    49 |    49 |   104 ||   202
       Steam dragon scal |       |       |    18 ||    18
Dodge: Dodged            |    83 |    67 |   158 ||   308

Table legend: (Time is in decaauts)
 A = Elapsed time spent in this place.
 B = Non-inter-level travel time spent in this place.
 C = Inter-level travel time spent in this place.
 D = Time resting spent in this place.
 E = Time spent auto-exploring this place.
 F = Levels seen in this place.
 G = Mean time per level.
                   A        B        C        D        E       F      G
               +--------+--------+--------+--------+--------+-----+--------+
         Total |   7146 |   6819 |    327 |      0 |   5337 |  10 |  714.6 |
       Dungeon |   6588 |   6291 |    297 |      0 |   4998 |   8 |  823.5 |
        Temple |    180 |    151 |     29 |      0 |    137 |   1 |  180.0 |
         Sewer |    377 |    377 |      0 |      0 |    201 |   1 |  377.0 |
               +--------+--------+--------+--------+--------+-----+--------+

Top non-repeatable levels by time:
     D:1: 1413 daAuts
     D:4: 1112 daAuts
     D:3: 1024 daAuts
     D:2: 939 daAuts
     D:7: 879 daAuts
     D:6: 605 daAuts
     D:5: 605 daAuts
   Sewer: 377 daAuts
  Temple: 180 daAuts
     D:8: 8 daAuts
